 Dungeon Crawl Stone Soup version 0.29-a0-271-gd4eb659eea (webtiles) character file.

Game seed: 9315924626192257574

425 funkygono the Firebug (level 6, -7/32 HPs)
             Began as a Gargoyle Fire Elementalist on Mar 8, 2022.
             Mangled by a vampire (8 damage)
             ... on level 5 of the Dungeon.
             The game lasted 00:07:19 (4259 turns).

funkygono the Firebug (Gargoyle Fire Elementalist)  Turns: 4259, Time: 00:07:19

Health: -7/32      AC: 11    Str: 11    XL:     6   Next: 96%
Magic:  10/12      EV: 12    Int: 18    God:
Gold:   124        SH:  0    Dex: 10    Spells: 3/13 levels left

rFire   . . .      SeeInvis .   e - +0 mace
rCold   . . .      Faith    .   (no shield)
rNeg    + . .      Spirit   .   a - +0 robe
rPois   ∞          Reflect  .   u - +2 helmet
rElec   +          Harm     .   (no cloak)
rCorr   .          Rampage  .   (no gloves)
Will    .....                   A - +1 pair of boots
Stlth   +.........              (no amulet)
HPRegen 0.10/turn               (no ring)
MPRegen 0.13/turn               (no ring)

@: confused
A: sickness immunity, AC +4, negative energy resistance 1, electricity
resistance, torment resistance 1, petrification resistance
a: no special abilities


You were on level 5 of the Dungeon.
You visited 1 branch of the dungeon, and saw 5 of its levels.

You collected 124 gold pieces.

Inventory:

Hand Weapons
 e - a +0 mace (weapon)
 m - a +0 whip
Missiles
 o - 156 stones
Armour
 a - a +0 robe (worn)
 n - a +0 leather armour
 u - a +2 helmet (worn)
 A - a +1 pair of boots (worn)
Magical Staves
 z - a staff of conjuration
Jewellery
 i - an amulet of guardian spirit
 v - a +6 ring of strength
 w - a ring of fire
 y - a ring of positive energy
Potions
 b - a potion of magic
 d - a potion of flight {unknown}
 f - 2 potions of curing
 g - a potion of attraction {unknown}
 l - a potion of heal wounds
 p - 2 potions of degeneration {unknown}
 s - 3 potions of haste


   Skills:
 + Level 0.3 Fighting
 + Level 1.9 Maces & Flails
 + Level 1.7 Dodging
 - Level 2.1 Stealth
 * Level 4.2 Spellcasting
 * Level 2.9 Conjurations
 * Level 5.1 Fire Magic


You had 3 spell levels left.
You knew the following spells:

 Your Spells              Type           Power      Damage    Failure   Level
a - Foxfire               Conj/Fire      72%        2x1d7     2%          1
b - Scorch                Fire           44%        2d7       2%          2
c - Conjure Flame         Conj/Fire      18%        6-21      9%          3
d - Flame Wave            Conj/Fire      18%        2d6       28%         4

Your spell library contained the following spells:

 Spells                   Type           Power      Damage    Failure   Level
 Inner Flame              Hex/Fire       13%        N/A       16%         3


Dungeon Overview and Level Annotations

Branches:
Dungeon (5/15)
 Temple: D:4-7

Altars:
Elyvilon
Kikubaaqudgha
Makhleb
Nemelex Xobeh
Sif Muna
Xom
The Shining One

Shops:
D:4 [


Innate Abilities, Weirdness & Mutations

You are immune to sickness and miasma.
Your stone body is resilient. (AC +4)
You are immune to poison.
You resist negative energy. (rN+)
You are resistant to electric shocks. (rElec)
You are resistant to unholy torment.
You are immune to petrification.


Message History

The iguana is moderately wounded.
Your Fire Magic skill increases to level 5!
An ogre comes into view. It is wielding a +0 giant club.
The ogre shouts!
You hear an angry hiss.
You hear a bark!
The iguana hisses menacingly.
An orc comes into view. It is wielding a +0 club.
The orc shouts!
The orc hits you but does no damage. The orc closely misses you.
The orc attacks as you move away! The orc hits you with a +0 club.
Found 14 stones.
A vampire comes into view.
The vampire casts a spell at you. You resist with significant effort.
Okay, then.
Blink to where?
Press: ? - help, Dir - move target, f - you
Okay, then.
Blink to where?
Press: ? - help, Dir - move target
As you read the scroll of blinking, it crumbles to dust.
The vampire gestures at you while chanting.
You are confused.
You're too confused to move!
The vampire hits you. The vampire bites you!
You bump into the rock wall.
The vampire hits you but does no damage.
The vampire closely misses you.
You feel less confused.
You feel better. The vampire casts a spell at you.
You are confused.
You bump into the rock wall.
The vampire hits you but does no damage.
The vampire bites you!
* * * LOW HITPOINT WARNING * * *
You miss the vampire. The vampire hits you.
* * * LOW HITPOINT WARNING * * *
The vampire misses you. The vampire hits you!
You die...

*,,,,,,,,,*,#.#..##............
*,,,,,,,,,*,#o#..#*,...........
*,,,,,,,,,*,#.#..#####.#####...
*,,,,,,,,,*,#(#<...............
*,*,,,,,,**,#V########.######..
*,+,,,,,,+,,#...o#*,...# #..
***,,,,,,***#.##.##.#### #..
*,,,,..#######o##,* #..
******#.....@Vl#*,* #..
#.########*,* ### *,* *,* *,*
*,* *,* *,* *,* *,*
*,*********,* *,,,,,,,,,,,*
*************


You could see a vampire, an iguana and an orc.

Vanquished Creatures
  A water moccasin (D:5)
  A necrophage (D:4)
  A gnoll shaman (D:4)
  2 iguanas (D:4)
  9 gnolls
  A shadow imp (D:3)
  A white imp (D:4)
  2 worms
  2 dart slugs (D:1)
  8 endoplasms
  9 goblins
  4 hobgoblins
  4 jackals (D:2)
  3 kobolds
  5 quokkas
  3 ball pythons
  6 bats
  A frilled lizard (D:1)
  7 rats
70 creatures vanquished.

Vanquished Creatures (others)
  211 foxfires
211 creatures vanquished.

Grand Total: 281 creatures vanquished

Notes
Turn   | Place    | Note
-------+----------+-------------------------------------------
     0 | D:1      | funkygono the Gargoyle Fire Elementalist began the quest
                  | for the Orb.
     0 | D:1      | Reached XP level 1. HP: 10/10 MP: 3/3
   191 | D:1      | Reached XP level 2. HP: 10/15 MP: 0/5
   194 | D:1      | Learned a level 2 spell: Scorch
   751 | D:2      | Found a burning altar of Makhleb.
   811 | D:2      | Reached XP level 3. HP: 19/19 MP: 2/6
   815 | D:2      | Learned a level 3 spell: Conjure Flame
  1087 | D:2      | Reached XP level 4. HP: 17/24 MP: 0/8
  1470 | D:2      | Found a faded altar of an unknown god.
  2825 | D:3      | Reached skill level 4 in Fire Magic
  3026 | D:3      | Reached XP level 5. HP: 28/28 MP: 4/10
  3250 | D:4      | Found Guofiff's Antique Armour Shoppe.
  3320 | D:4      | Reached skill level 1 in Maces & Flails
  3752 | D:4      | Reached XP level 6. HP: 28/32 MP: 3/11
  3821 | D:4      | Found a shimmering blue altar of Sif Muna.
  3824 | D:4      | Found an ancient bone altar of Kikubaaqudgha.
  3862 | D:4      | Found a shimmering altar of Xom.
  3882 | D:4      | Found a white marble altar of Elyvilon.
  3888 | D:4      | Found a sparkling altar of Nemelex Xobeh.
  3891 | D:4      | Found a glowing golden altar of the Shining One.
  4182 | D:5      | Entered Level 5 of the Dungeon
  4188 | D:5      | Learned a level 4 spell: Flame Wave
  4228 | D:5      | Noticed a water moccasin
  4232 | D:5      | Killed a water moccasin
  4233 | D:5      | Reached skill level 5 in Fire Magic
  4242 | D:5      | Noticed a vampire
  4259 | D:5      | HP: 1/32 [vampire (3)]
  4259 | D:5      | Mangled by a vampire

Illustrated notes

Levels and vault maps discovered:
D:1:      mrwooster_arrival_statue_3, layout_rooms
D:2:      layout_basic, basic_altar, hellmonk_ecumenical_altar_heavens_door
D:3:      minmay_thinvault, layout_loops_corners
D:4:      minmay_door_path, layout_rooms, nicolae_overflow_hallway_of_the_gods,
          serial_shops, shop
D:5:      cheibrodos_fzero, layout_basic, gammafunk_temple_overflow_statue,
          portal_sewer_entry_b, minmay_fractal_squares_gapless_5,
          uniq_crazy_yiuf_cottage

Skill      XL: |  1  2  3  4  5  6 |
---------------+-------------------+-----
Conjurations   | 2 |  2.9
Spellcasting   | 3 4 |  4.2
Fire Magic     | 4 5 |  5.1
Maces & Flails | 1 |  1.9
Fighting       | |  0.3
Dodging        | |  1.7
Stealth        | |  2.1

Action                   |  1- 3 |  4- 6 || total
-------------------------+-------+-------++-------
Melee: Mace              |     1 |    40 ||    41
 Cast: Foxfire           |    49 |    74 ||   123
       Scorch            |     1 |    14 ||    15
  Use: Scroll            |       |    13 ||    13
       Potion            |       |     2 ||     2
 Stab: Sleeping          |       |     1 ||     1
Armor: Robe              |     4 |    20 ||    24
Dodge: Dodged            |     8 |    49 ||    57

Table legend: (Time is in decaauts)
 A = Elapsed time spent in this place.
 B = Non-inter-level travel time spent in this place.
 C = Inter-level travel time spent in this place.
 D = Time resting spent in this place.
 E = Time spent auto-exploring this place.
 F = Levels seen in this place.
 G = Mean time per level.
                   A        B        C        D        E       F      G
               +--------+--------+--------+--------+--------+-----+--------+
         Total |   4277 |   4174 |    103 |    176 |   3117 |   5 |  855.4 |
       Dungeon |   4277 |   4174 |    103 |    176 |   3117 |   5 |  855.4 |
               +--------+--------+--------+--------+--------+-----+--------+

Top non-repeatable levels by time:
     D:3: 1485 daAuts
     D:2: 1193 daAuts
     D:1: 787 daAuts
     D:4: 734 daAuts
     D:5: 77 daAuts
